 Dungeon Crawl Stone Soup version 0.25.1-2-g60ff931df9 (webtiles) character file.

Game seed: 15046879312423119135

15198 Lavandula the Archer (level 11, -4/82 HPs)
             Began as a Centaur Arcane Marksman on Oct 9, 2020.
             Was a Follower of Ashenzari.
             Slain by a crocodile (13 damage)
             ... on level 1 of the Lair of Beasts.
             The game lasted 00:45:33 (19911 turns).

Lavandula the Archer (Centaur Arcane Marksman)     Turns: 19911, Time: 00:45:33

Health: -4/82      AC: 14    Str: 11    XL:     11   Next: 98%
Magic:  21/23      EV: 12    Int: 14    God:    Ashenzari [*.....]
Gold:   560        SH:  0    Dex: 15    Spells: 9/27 levels left

rFire    + . .     SeeInvis .   a - +2 shortbow (curse)
rCold    . . .     Gourm    .   (shield currently unavailable)
rNeg     . . .     Faith    .   P - +3 ring mail "Bumyosur" {rF+ Str-2 Dex+4}
rPois    .         Spirit   .   x - +1 helmet
rElec    .         Reflect  .   I - +0 cloak
rCorr    .         Harm     .   p - +2 pair of gloves
MR       +....                  (no barding)
Stlth    ..........             (no amulet)
HPRegen  0.00/turn              q - +4 ring of evasion
MPRegen  0.18/turn              L - ring of wizardry

@: very quick
A: large, hooves 3, deformed body, speed 2, magic resistance 1, inhibited
regeneration, tough skin 3, evolution 1
a: Curse Item, Scrying, Renounce Religion


You were on level 1 of the Lair of Beasts.
You worshipped Ashenzari.
Ashenzari was aware of your devotion.
You were very hungry.

You visited 3 branches of the dungeon, and saw 15 of its levels.
You also visited: Ossuary.

You collected 949 gold pieces.
You spent 389 gold pieces at shops.

Inventory:

Hand Weapons
 a - a cursed +2 shortbow (weapon)
 h - a +0 spear
 B - a +1 morningstar of holy wrath
 F - a +1 spear of venom
Missiles
 d - 25 arrows (quivered)
 N - 12 poisoned darts
Armour
 p - a +2 pair of gloves (worn)
 x - a +1 helmet (worn)
 C - a +2 robe
 H - +0 swamp dragon scales
 I - a +0 cloak (worn)
 P - the +3 ring mail "Bumyosur" (worn) {rF+ Str-2 Dex+4}
   (You found it on level 11 of the Dungeon)

   It affects your strength (-2).
   It affects your dexterity (+4).
   It protects you from fire.
Jewellery
 i - an uncursed ring of fire
 q - a +4 ring of evasion (left hand)
 G - a cursed ring of protection from cold
 L - a ring of wizardry (right hand)
 M - a cursed ring of attention
Scrolls
 b - 3 scrolls of immolation
 c - 3 scrolls of remove curse
 k - 4 scrolls of teleportation
 o - 2 scrolls of amnesia
 y - a scroll of blinking
 E - 2 scrolls of magic mapping
 J - 2 scrolls of summoning {unknown}
 K - a scroll of fog {unknown}
 O - a scroll of identify
Potions
 e - a potion of berserk rage {unknown}
 g - 2 potions of haste
 j - 2 potions of invisibility
 l - 4 potions of brilliance
 m - a potion of might {unknown}
 n - 3 potions of degeneration {unknown}
 r - 3 potions of resistance
 s - a potion of cancellation
 t - 2 potions of ambrosia
 u - a potion of magic
 v - 3 potions of flight
 w - a potion of stabbing
 z - 2 potions of mutation
 A - a potion of lignification {unknown}
 D - 5 potions of curing {unknown}
Comestibles
 f - 11 rations


   Skills:
 - Level 3.1 Fighting
 - Level 14.0 Bows
 - Level 1.3 Dodging
 - Level 8.7 Spellcasting
 - Level 5.5 Hexes
 - Level 4.2 Translocations
 - Level 5.9 Fire Magic
 + Level 5.2 Earth Magic


You had 9 spell levels left.
You knew the following spells:

 Your Spells              Type           Power        Failure   Level  Hunger
a - Corona                Hex            ###....      1%          1    None
b - Slow                  Hex            ###.....     1%          2    None
c - Inner Flame           Hex/Fire       ###.....     3%          3    ##.....
d - Portal Projectile     Hex/Tloc       ###...       4%          3    ##.....
e - Cause Fear            Hex            ###.......   12%         4    ####...
f - Leda's Liquefaction   Hex/Erth       ###.......   12%         4    ####...
g - Apportation           Tloc           ###...       2%          1    None

Your spell library contained the following spells:

 Spells                   Type           Power        Failure   Level  Hunger
 Sandblast                Erth           ###...       1%          1    None
 Blink                    Tloc           N/A          3%          2    None
 Passwall                 Tmut/Erth      ##......     6%          2    None
 Conjure Flame            Conj/Fire      ##......     11%         3    ##.....
 Animate Skeleton         Necr           N/A          12%         1    None
 Magic Dart               Conj           #...         12%         1    None
 Pain                     Necr           #...         12%         1    None
 Summon Small Mammal      Summ           #...         12%         1    None
 Stone Arrow              Conj/Erth      ##....       12%         3    ##.....
 Recall                   Summ/Tloc      N/A          16%         3    ##.....
 Call Imp                 Summ           #.......     17%         2    None
 Poisonous Vapours        Pois/Air       #.....       17%         2    None
 Mephitic Cloud           Conj/Pois/Air  #.......     32%         3    ##.....
 Vampiric Draining        Necr           #.........   32%         3    ##.....
 Petrify                  Tmut/Erth      ##......     34%         4    ####...
 Lee's Rapid Deconstruct  Erth           ###.......   34%         5    #####..
 Borgnjor's Vile Clutch   Necr/Erth      ##........   69%         5    #####..
 Animate Dead             Necr           N/A          71%         4    ####...
 Agony                    Necr           #.......     95%         5    #####..
 Death Channel            Necr           #.........   100%        6    #######
 Freezing Cloud           Conj/Ice/Air   #.........   100%        6    #######
 Simulacrum               Ice/Necr       #.........   100%        6    #######
 Ring of Flames           Chrm/Fire      ##........   100%        7    #######


Dungeon Overview and Level Annotations

Branches:
Dungeon (13/15)            Temple (1/1) D:7            Lair (1/6) D:8
    Orc (0/2) D:9         Ossuary (visited)
 Vaults: D:13-14

Altars:
Ashenzari
Cheibriados
Dithmenos
Elyvilon
Fedhas
Gozag
Hepliaklqana
Kikubaaqudgha
Makhleb
Nemelex Xobeh
Okawaru
Qazlal
Ru
Sif Muna
Trog
Uskayaw
Vehumet
Wu Jian
Xom
Yredelemnul
Zin
The Shining One

Shops:
D:4 :   D:7 [   D:9 [*

Annotations:
D:4 Dowan, Duvessa


Innate Abilities, Weirdness & Mutations

You have hooves in place of feet.
Armour fits poorly on your strangely shaped body.
You cover ground very quickly.
You have extremely tough skin. (AC +3)
You are resistant to hostile enchantments. (MR+)
You do not regenerate when monsters are visible.
You evolve.


Message History

Aim: a blink frog (almost dead)
You shoot an arrow. The arrow hits the blink frog.
The blink frog is almost dead.
The crocodile bites you but does no damage.
The blink frog hits you!
* * * LOW HITPOINT WARNING * * *
Firing (i - inventory. (/) - cycle)
d - 27 arrows (quivered)
Press: ? - help, Shift-Dir - straight line, f/p - blink frog
Aim: a blink frog (almost dead)
You shoot an arrow. The arrow misses the blink frog.
The ground is no longer liquid beneath you.
Firing (i - inventory. (/) - cycle)
d - 26 arrows (quivered)
Press: ? - help, Shift-Dir - straight line, f/p - blink frog
Aim: a blink frog (almost dead)
You shoot an arrow.
The arrow closely misses the blink frog.
The blink frog hits you!
* * * LOW HITPOINT WARNING * * *
The blink frog blinks!
The crocodile bites you!
You die...

.........#...####<##.##......####
.........#...##......##.....##...
#...........##......##.......(..
#.......+...##......#......t#...
+.......#...##.......+......#...
#.......P...##......##.....#....
#.......+...###.##.###..F.(.###.
.####.####...######.###.....###.#
.........(.F(((ยง@tF....(...(.....
#####.######(##########..#######.
### ### ####


You could see 2 blink frogs and a crocodile.

Vanquished Creatures
  2 two-headed ogres
  An unseen horror (D:12)
  Pikel (D:9)
  A wolf spider zombie (D:10)
  3 cyclopes
  An ugly thing (D:11)
  Maurice (D:9)
  A black mamba (Lair:1)
  Psyche (D:9)
  A centaur skeleton (D:10)
  A rime drake (Lair:1)
  Maggie (D:8)
  A komodo dragon (D:12)
  3 trolls
  Prince Ribbit (D:6)
  2 hippogriffs
  2 blink frogs (Lair:1)
  A spriggan (D:7)
  A wyvern (D:8)
  4 yaks (D:10)
  3 hungry ghosts
  2 vampire mosquitoes (D:12)
  6 ice beasts
  3 water moccasins
  An orc warrior (D:7)
  A hornet zombie (D:6)
  4 sky beasts
  2 phantoms
  A black bear (D:10)
  3 necrophages (D:9)
  4 ogres
  6 wolves (Lair:1)
  4 centaurs
  A big kobold (D:11)
  An elf zombie (Ossuary)
  Blork the orc (D:5)
  6 bullfrogs
  A wyvern zombie (D:12)
  A water moccasin zombie (D:8)
  2 scorpions
  8 killer bees
  2 troll zombies (D:9)
  2 wights (D:6)
  6 jellies
  A centaur zombie (D:7)
  6 crimson imps
  2 bullfrog zombies
  3 hounds
  3 bullfrog skeletons
  5 orc wizards
  2 iguanas
  7 worker ants
  A killer bee zombie (D:8)
  6 ogre zombies (D:9)
  4 mummies
  3 worker ant zombies
  12 gnolls
  9 adders
  A shadow imp (D:6)
  2 oozes
  2 adder skeletons
  5 adder zombies
  A dart slug (D:1)
  7 leopard geckos
  17 orcs
  5 bats
  6 giant cockroaches
  7 hobgoblins
  18 jackals
  14 kobolds
  3 quokkas
  A ball python (D:6)
  11 frilled lizards
  A gnoll zombie (Ossuary)
  5 goblins
  4 goblin zombies
  2 hobgoblin skeletons (D:9)
  7 hobgoblin zombies
  A leopard gecko zombie (D:6)
  5 orc skeletons (D:9)
  9 orc zombies (D:9)
  2 quokka skeletons
  4 quokka zombies (Ossuary)
  9 rats
  2 rat zombies (Ossuary)
316 creatures vanquished.

Vanquished Creatures (others)
  A hungry ghost (D:9)
  3 slaves (D:9)
  A hobgoblin skeleton (D:9)
  2 orc skeletons (D:9)
  3 orc zombies (D:9)
  4 toadstools (D:5)
14 creatures vanquished.

Grand Total: 330 creatures vanquished

Notes
Turn   | Place    | Note
-------+----------+-------------------------------------------
     0 | D:1      | Lavandula the Centaur Arcane Marksman began the quest for
                  | the Orb.
     0 | D:1      | Reached XP level 1. HP: 16/16 MP: 2/2
   327 | D:1      | Reached skill level 3 in Bows
   327 | D:1      | Reached XP level 2. HP: 23/23 MP: 3/3
   677 | D:1      | Learned a level 2 spell: Slow
   884 | D:1      | Reached XP level 3. HP: 23/29 MP: 4/4
  1950 | D:3      | Reached XP level 4. HP: 38/38 MP: 5/5
  1998 | D:3      | Reached skill level 4 in Bows
  2759 | D:4      | Reached skill level 5 in Bows
  2759 | D:4      | Reached XP level 5. HP: 45/45 MP: 6/6
  3303 | D:4      | Noticed Duvessa
  3303 | D:4      | Noticed Dowan
  3546 | D:4      | Found Wiuvebb's Book Shop.
  3716 | D:5      | Entered Level 5 of the Dungeon
  3723 | D:5      | Reached skill level 6 in Bows
  4033 | D:5      | Noticed a centaur
  4327 | D:5      | Noticed an ogre
  4345 | D:5      | Killed an ogre
  4345 | D:5      | Reached skill level 7 in Bows
  4345 | D:5      | Reached XP level 6. HP: 51/51 MP: 7/7
  4526 | D:5      | Noticed Blork the orc
  4654 | D:6      | Reached skill level 8 in Bows
  4677 | D:6      | Gained mutation: You are resistant to hostile enchantments.
                  | (MR+) [potion of mutation]
  4677 | D:6      | Gained mutation: You expend magic power (3 MP) to
                  | strengthen your wands. [potion of mutation]
  4677 | D:6      | Gained mutation: You evolve. [potion of mutation]
  4704 | D:6      | Noticed Prince Ribbit
  4768 | D:7      | Noticed a sky beast
  4791 | D:7      | Noticed an ice beast
  4940 | D:6      | Found a sand-covered staircase.
  4948 | Ossuary  | Entered an ossuary
  5430 | Ossuary  | Reached XP level 7. HP: 41/57 MP: 8/8
  5550 | Ossuary  | Reached skill level 9 in Bows
  6065 | D:6      | Killed Prince Ribbit
  6065 | D:6      | Reached skill level 10 in Bows
  6454 | D:5      | Killed Blork the orc
  6454 | D:5      | Reached skill level 11 in Bows
  6460 | D:5      | Reached XP level 8. HP: 34/63 MP: 3/9
  6964 | D:5      | Reached skill level 12 in Bows
  7791 | D:5      | Lost mutation: You expend magic power (3 MP) to strengthen
                  | your wands. [evolution]
  7965 | D:6      | Reached skill level 13 in Bows
  8344 | D:7      | Reached skill level 14 in Bows
  8347 | D:7      | Learned a level 1 spell: Apportation
  8356 | D:7      | Reached XP level 9. HP: 69/69 MP: 10/10
  8505 | D:7      | Found a staircase to the Ecumenical Temple.
  8591 | D:7      | Found Iqaytsa's Antique Armour Shop.
  9142 | D:8      | Learned a level 3 spell: Inner Flame
  9378 | D:8      | Found a staircase to the Lair.
  9403 | D:8      | Reached skill level 5 in Hexes
  9585 | D:8      | Reached skill level 1 in Translocations
  9644 | D:8      | Noticed a two-headed ogre
  9693 | D:8      | Killed a two-headed ogre
  9807 | D:8      | Reached skill level 1 in Fire Magic
  9807 | D:8      | Reached XP level 10. HP: 67/77 MP: 15/15
 10002 | D:8      | Noticed Maggie
 10007 | D:8      | Killed Maggie
 10380 | D:9      | Found a glowing silver altar of Zin.
 10396 | D:9      | Noticed Maurice
 10438 | D:10     | Entered Level 10 of the Dungeon
 10480 | D:9      | Killed Maurice
 11094 | D:9      | Found Ciro's Armour Shop.
 11094 | D:9      | You fall into a shaft and drop 1 floor!
 11179 | D:10     | Reached skill level 5 in Fire Magic
 11389 | D:9      | Noticed a wizard
 11466 | D:9      | Learned a level 3 spell: Portal Projectile
 11471 | D:9      | Learned a level 4 spell: Cause Fear
 11894 | Temple   | Entered the Ecumenical Temple
 11959 | Temple   | Became a worshipper of Ashenzari the Shackled
 12110 | D:9      | Noticed Pikel
 12132 | D:9      | Killed Pikel
 12221 | D:9      | Reached skill level 5 in Spellcasting
 12629 | D:9      | Gained mutation: You are dopey. (Int -2) [evolution]
 12654 | D:9      | Found a staircase to the Orcish Mines.
 12675 | D:9      | Noticed Psyche
 12694 | D:9      | Killed Psyche
 12897 | D:9      | Noticed a two-headed ogre
 12949 | D:9      | Killed a two-headed ogre
 12949 | D:9      | Reached XP level 11. HP: 82/82 MP: 18/20
 13058 | D:9      | Found Kuj Diuc's Assorted Antiques.
 13064 | D:9      | Bought a viscous white potion for 25 gold pieces
 13064 | D:9      | Bought a scroll labeled QUQOIS YCONYEZ for 28 gold pieces
 13064 | D:9      | Bought a scroll labeled QUQOIS YCONYEZ for 28 gold pieces
 13064 | D:9      | Bought a scroll labeled NOAMAAP ONIOTZ for 28 gold pieces
 13064 | D:9      | Bought a wooden ring for 140 gold pieces
 13064 | D:9      | Bought a copper ring for 140 gold pieces
 15238 | D:11     | Got the uncursed ring mail "Bumyosur" {rF+ Str-2 Dex+4}
 15249 | D:11     | Identified the +3 ring mail "Bumyosur" {rF+ Str-2 Dex+4}
                  | (You found it on level 11 of the Dungeon)
 15401 | D:11     | Noticed a brown ugly thing
 15506 | D:11     | Killed a brown ugly thing
 15846 | D:11     | Gained mutation: You do not regenerate when monsters are
                  | visible. [evolution]
 16267 | D:11     | Reached * piety under Ashenzari
 16493 | D:11     | Learned a level 4 spell: Leda's Liquefaction
 17444 | D:12     | Reached skill level 1 in Earth Magic
 18048 | D:12     | Noticed an unseen horror
 18065 | D:12     | Killed an unseen horror
 18904 | D:13     | Noticed a death knight
 18904 | D:13     | Noticed a phantasmal warrior
 18904 | D:13     | Noticed a phantasmal warrior
 19055 | Lair:1   | Entered Level 1 of the Lair of Beasts
 19575 | Lair:1   | Lost mutation: You are dopey. (Int -2) [evolution]
 19893 | Lair:1   | Reached skill level 5 in Earth Magic
 19911 | Lair:1   | Slain by a crocodile

Illustrated notes

Levels and vault maps discovered:
D:1:      dpeg_arrival_brainrot, layout_basic
D:2:      layout_basic, first_ration, chequers_ecumenical_altar_lobes,
          nrook_mini_backslash
D:3:      layout_basic
D:4:      layout_gridville, serial_shops, nicolae_shop_behind_doors,
          minmay_strange_pillars, uniq_duvessa
D:5:      layout_layer_cave, minmay_crystal_water, minmay_gold_behind_fungi,
          uniq_blork_the_orc
D:6:      layout_gridville, gup_ossuary_entry_pyramid, uniq_prince_ribbit1
D:7:      layout_rooms, minmay_temple_entry_glassed_door, serial_shops,
          kennysheep_mini_moat, the_bakery
D:8:      layout_basic, lair_entry_dummy, uniq_maggie
D:9:      kennysheep_big_flooded_room, layout_basic,
          nicolae_overflow_hidden_temple, zombieorc2_lemuel, serial_shops, shop,
          nicolae_shop_statue_plus, uniq_psyche, uniq_pikel, uniq_maurice
D:10:     layout_rooms
D:11:     layout_grid_maze
D:12:     layout_cave_pods, lemuel_old_faithful
D:13:     layout_irregular_city, grunt_vaults_entry_tiered,
          gammafunk_ghost_hydra_chop, kennysheep_path_1, uniq_frances,
          uniq_erolcha
Temple:   dpeg_three_leaves_temple
Lair:1:   wander_river, layout_regular_city, grunt_megastairs_2

Skill      XL: |  1  2  3  4  5  6  7  8  9 10 11 |
---------------+----------------------------------+-----
Hexes          | 3 5 |  5.5
Bows           | 3 5 7 8 11 14 | 14.0
Fighting       | 2 3 |  3.1
Spellcasting   | 3 6 8 |  8.7
Translocations | 4 |  4.2
Fire Magic     | 1 5 |  5.9
Earth Magic    | 5 |  5.2
Dodging        | |  1.3

Action                   |  1- 3 |  4- 6 |  7- 9 | 10-12 || total
-------------------------+-------+-------+-------+-------++-------
Melee: Spear             |    83 |    96 |    83 |       ||   262
       Kick              |    15 |    19 |    12 |       ||    46
 Fire: Shortbow          |    75 |   210 |   389 |  1109 ||  1783
Throw: Throwing net      |     1 |       |       |       ||     1
 Cast: Corona            |     7 |     7 |     3 |     5 ||    22
       Slow              |       |       |     6 |       ||     6
       Inner Flame       |       |       |       |     7 ||     7
       Cause Fear        |       |       |       |     7 ||     7
       Leda's Liquefacti |       |       |       |     4 ||     4
       Portal Projectile |       |       |       |     1 ||     1
Invok: Curse Item        |       |       |       |     1 ||     1
  Use: Scroll            |       |    11 |     4 |     9 ||    24
       Potion            |       |     5 |       |     5 ||    10
  Eat: Chunk             |     2 |     8 |    10 |     7 ||    27
       Ration            |       |       |     1 |     8 ||     9
Armor: Robe              |    47 |    52 |    39 |       ||   138
       Swamp dragon scal |       |       |       |    67 ||    67
       Ring mail         |       |       |       |    62 ||    62
Dodge: Dodged            |    56 |    91 |    99 |   175 ||   421
